TOP OF THE 1ST |
Sacramento River Cats batting - Pitching for Reno Aces : RHP Aaron Saenz
|
Pitching: RHP Aaron Saenz
|
|
Batting: RHB Yutaka Oki
|
0-0: Ball 1-0: Ball 2-0: Ball 3-0: Called Strike 3-1: Base on Balls
|
Batting: RHB Hugo Zacarias
|
0-0: Ball 1-0: Foul Ball, location: 2F 1-1: Foul Ball, location: 2F 1-2: Ball 2-2: Ball 3-2: Strikes out swinging
|
Batting: LHB Willie Ceniceros
|
0-0: Ball 1-0: Foul Ball, location: 2F 1-1: Called Strike 1-2: Strikes out looking
|
Batting: RHB Nick Beecher
|
0-0: Called Strike 0-1: Fielders Choice at 2nd, 5-4 (Groundball, 56, EV 96.3 MPH)
|
Top of the 1st over - 0 runs, 0 hits, 0 errors, 1 left on base; Sacramento 0 - Reno 0 |
BOTTOM OF THE 1ST |
Reno Aces batting - Pitching for Sacramento River Cats : RHP Jorge Sosa
|
Pitching: RHP Jorge Sosa
|
|
Batting: RHB Joe Smack
|
0-0: Fly out, F7 (Flyball, 7, EV 96.3 MPH)
|
Batting: RHB Andy Swaim
|
0-0: Ball 1-0: Ball 2-0: Called Strike 2-1: Fly out, F4 (Flyball, 34D, EV 78.8 MPH)
|
Batting: RHB Katilimomi Kelekolio
|
0-0: TRIPLE (Flyball, 9LD, EV 110.6 MPH)
|
Batting: SHB Salvador Aragon
|
0-0: Fly out, F7 (Line Drive, 7D, EV 97.5 MPH)
|
Bottom of the 1st over - 0 runs, 1 hit, 0 errors, 1 left on base; Sacramento 0 - Reno 0 |
TOP OF THE 2ND |
Sacramento River Cats batting - Pitching for Reno Aces : RHP Aaron Saenz
|
Batting: RHB Nate Hodson
|
0-0: Ball 1-0: Fly out, F8 (Flyball, 78D, EV 88.8 MPH)
|
Batting: RHB Roberto Duron
|
0-0: Ball 1-0: Swinging Strike 1-1: Foul Ball, location: 2F 1-2: Fly out, F9 (Flyball, 9, EV 85.6 MPH)
|
Batting: LHB Dave Talbert
|
0-0: SINGLE (Line Drive, 89M, EV 95.6 MPH)
|
Batting: RHB Martin Guerrero
|
0-0: Ball 1-0: Ball 2-0: Ball 3-0: Called Strike 3-1: Fielders Choice at 2nd, 6-4 (Groundball, 6, EV 90.6 MPH)
|
Top of the 2nd over - 0 runs, 1 hit, 0 errors, 1 left on base; Sacramento 0 - Reno 0 |
BOTTOM OF THE 2ND |
Reno Aces batting - Pitching for Sacramento River Cats : RHP Jorge Sosa
|
Batting: RHB Jon Solano
|
0-0: Called Strike 0-1: Foul Ball, location: 2F 0-2: SOLO HOME RUN (Flyball, 78XD, EV 103.1 MPH), Distance : 400 ft
|
Batting: SHB Warren Eisner
|
0-0: Ball 1-0: Ball 2-0: Foul Ball, location: 2F 2-1: Foul Ball, location: 2F 2-2: Ground out 4-3 (Groundball, 4, EV 88.1 MPH)
|
Batting: RHB Israel Gaona
|
0-0: Swinging Strike 0-1: Swinging Strike 0-2: Fly out, F9 (Flyball, 89D, EV 107.5 MPH)
|
Batting: SHB Troy Maynard
|
0-0: Ball 1-0: Called Strike 1-1: Ball 2-1: Ground out 6-3 (Groundball, 6MS, EV 83.8 MPH)
|
Bottom of the 2nd over - 1 run, 1 hit, 0 errors, 0 left on base; Sacramento 0 - Reno 1 |
TOP OF THE 3RD |
Sacramento River Cats batting - Pitching for Reno Aces : RHP Aaron Saenz
|
Batting: RHB Matt Fenimore
|
0-0: Called Strike 0-1: Foul Ball, location: 2F 0-2: Ball 1-2: Ball 2-2: Foul Ball, location: 2F 2-2: Ground out 4-3 (Groundball, 4, EV 83.1 MPH)
|
Batting: RHB Yutaka Oki
|
0-0: SINGLE (Groundball, 5S, EV 73.8 MPH) (infield hit)
|
Batting: RHB Hugo Zacarias
|
0-0: Ball 1-0: Called Strike 1-1: Ball 2-1: Ball 3-1: Foul Ball, location: 2F 3-2: Base on Balls Yutaka Oki to second
|
Batting: LHB Willie Ceniceros
|
0-0: Foul Ball, location: 2F 0-1: Ball 1-1: Ball 2-1: Called Strike 2-2: Ball 3-2: 3-RUN HOME RUN (Flyball, 9LD, EV 96.3 MPH), Distance : 365 ft
|
Batting: RHB Nick Beecher
|
0-0: SOLO HOME RUN (Flyball, 78XD, EV 107.5 MPH), Distance : 433 ft
|
Batting: RHB Nate Hodson
|
0-0: SINGLE (Line Drive, 7S, EV 87.5 MPH)
|
Batting: RHB Roberto Duron
|
0-0: Ball 1-0: Ball 2-0: Called Strike 2-1: Swinging Strike 2-2: Foul Ball, location: 2F 2-2: Ball 3-2: Strikes out looking Nate Hodson is caught stealing 2nd base 2-4 Batter strikes out.
|
Top of the 3rd over - 4 runs, 4 hits, 0 errors, 0 left on base; Sacramento 4 - Reno 1 |
BOTTOM OF THE 3RD |
Reno Aces batting - Pitching for Sacramento River Cats : RHP Jorge Sosa
|
Batting: RHB Juan Espinoza
|
0-0: Ball 1-0: Called Strike 1-1: Ground out 6-3 (Groundball, 6, EV 81.3 MPH)
|
Batting: RHB Joe Smack
|
0-0: Ball 1-0: Ball 2-0: Ball 3-0: Called Strike 3-1: Foul Ball, location: 2F 3-2: Base on Balls
|
Batting: RHB Andy Swaim
|
0-0: Ball 1-0: Called Strike 1-1: Foul Ball, location: 2F 1-2: SINGLE (Groundball, 4D, EV 95.6 MPH) Joe Smack to second Runner from 2nd tries for 3rd, SAFE, throw by CF made to third Andy Swaim to second
|
Batting: RHB Katilimomi Kelekolio
|
0-0: Ball 1-0: Called Strike 1-1: Foul Ball, location: 2F 1-2: Ball 2-2: Ball 3-2: Base on Balls
|
Batting: SHB Salvador Aragon
|
0-0: Called Strike 0-1: Foul Ball, location: 2F 0-2: GRAND SLAM HOME RUN (Flyball, 9LD, EV 100.0 MPH), Distance : 364 ft
|
Batting: RHB Jon Solano
|
0-0: Ball 1-0: Foul Ball, location: 2F 1-1: Called Strike 1-2: SINGLE (Line Drive, 7S, EV 99.4 MPH)
|
Batting: SHB Warren Eisner
|
0-0: Ball 1-0: Swinging Strike Jon Solano steals 2nd base 1-1: TRIPLE (Flyball, 9LD, EV 100.0 MPH) Jon Solano scores
|
Pitching: RHP Fidde Machielsen
|
|
Batting: RHB Israel Gaona
|
0-0: Ball 1-0: Ball 2-0: SINGLE (Line Drive, 7LS, EV 101.9 MPH) Warren Eisner scores
|
Batting: SHB Troy Maynard
|
0-0: Ball 1-0: Called Strike 1-1: Ball Israel Gaona steals 2nd base (no throw) 2-1: Swinging Strike 2-2: Strikes out looking
|
Batting: RHB Juan Espinoza
|
0-0: Ball 1-0: Ball 2-0: Foul Ball, location: 2F 2-1: Fly out, F8 (Flyball, 8RD, EV 96.9 MPH)
|
Bottom of the 3rd over - 6 runs, 5 hits, 0 errors, 1 left on base; Sacramento 4 - Reno 7 |
TOP OF THE 4TH |
Sacramento River Cats batting - Pitching for Reno Aces : RHP Aaron Saenz
|
Batting: LHB Dave Talbert
|
0-0: Ball 1-0: Called Strike 1-1: Swinging Strike 1-2: SINGLE (Groundball, 34D, EV 94.4 MPH)
|
Batting: RHB Martin Guerrero
|
0-0: Called Strike 0-1: Foul Ball, location: 2F 0-2: Foul Ball, location: 2F 0-2: Ball 1-2: Fly out, F7 (Flyball, 78M, EV 84.4 MPH)
|
Batting: RHB Matt Fenimore
|
0-0: Ball 1-0: Ball 2-0: Called Strike 2-1: Ball 3-1: Called Strike 3-2: Strikes out looking Dave Talbert steals 2nd base Batter strikes out.
|
Batting: RHB Yutaka Oki
|
0-0: Ball 1-0: Fly out, F9 (Flyball, 9, EV 97.5 MPH)
|
Top of the 4th over - 0 runs, 1 hit, 0 errors, 1 left on base; Sacramento 4 - Reno 7 |
BOTTOM OF THE 4TH |
Reno Aces batting - Pitching for Sacramento River Cats : RHP Fidde Machielsen
|
Batting: RHB Joe Smack
|
0-0: Ball 1-0: Ball 2-0: DOUBLE (Line Drive, 89XD, EV 100.6 MPH)
|
Batting: RHB Andy Swaim
|
0-0: Called Strike 0-1: SINGLE (Line Drive, 7S, EV 93.8 MPH) Joe Smack to third Runner from 3rd tries for Home, SAFE, throw by LF to home
|
Batting: RHB Katilimomi Kelekolio
|
0-0: Called Strike 0-1: Ball 1-1: Swinging Strike 1-2: Strikes out looking
|
Batting: SHB Salvador Aragon
|
0-0: Called Strike Andy Swaim steals 2nd base 0-1: Ball 1-1: Swinging Strike 1-2: Ball 2-2: Foul Ball, location: 2F 2-2: Fly out, F7 (Flyball, 7, EV 90.6 MPH)
|
Batting: RHB Jon Solano
|
0-0: SINGLE (Groundball, 6D, EV 104.4 MPH) Andy Swaim to third Runner from 3rd tries for Home, throw by CF and OUT! 8-2
|
Bottom of the 4th over - 1 run, 3 hits, 0 errors, 1 left on base; Sacramento 4 - Reno 8 |
TOP OF THE 5TH |
Sacramento River Cats batting - Pitching for Reno Aces : RHP Aaron Saenz
|
Batting: RHB Hugo Zacarias
|
0-0: Ball 1-0: Called Strike 1-1: Ball 2-1: Ground out 6-3 (Groundball, 6, EV 80.6 MPH)
|
Batting: LHB Willie Ceniceros
|
0-0: Swinging Strike 0-1: Ball 1-1: Ground out U3 (Groundball, 34, EV 103.8 MPH)
|
Batting: RHB Nick Beecher
|
0-0: Ball 1-0: Ball 2-0: Foul Ball, location: 2F 2-1: Ball 3-1: Base on Balls
|
Batting: RHB Nate Hodson
|
0-0: Ball 1-0: Foul Ball, location: 2F 1-1: Ball 2-1: Ball 3-1: Base on Balls Nick Beecher to second
|
Batting: RHB Roberto Duron
|
0-0: Swinging Strike 0-1: Ball 1-1: Ball 2-1: Ball 3-1: Foul Ball, location: 2F 3-2: Base on Balls Nick Beecher to third Nate Hodson to second
|
Pitching: RHP Josh Pugh
|
|
Batting: LHB Dave Talbert
|
0-0: Foul Ball, location: 2F 0-1: Foul Ball, location: 2F 0-2: Ball 1-2: Ground out 6-3 (Groundball, 6M, EV 87.5 MPH)
|
Top of the 5th over - 0 runs, 0 hits, 0 errors, 3 left on base; Sacramento 4 - Reno 8 |
BOTTOM OF THE 5TH |
Reno Aces batting - Pitching for Sacramento River Cats : RHP Fidde Machielsen
|
Batting: SHB Warren Eisner
|
0-0: Ball 1-0: Ball 2-0: Ball 3-0: Called Strike 3-1: Ground out 4-3 (Groundball, 4, EV 77.5 MPH)
|
Batting: RHB Israel Gaona
|
0-0: Called Strike 0-1: Fly out, F4 (Flyball, 4D, EV 88.1 MPH)
|
Batting: SHB Troy Maynard
|
0-0: Ball 1-0: Ball 2-0: Ball 3-0: Foul Ball, location: 2F 3-1: Base on Balls
|
Batting: RHB Juan Espinoza
|
0-0: Hit by Pitch Troy Maynard to second
|
Batting: RHB Joe Smack
|
0-0: Ball 1-0: Ball 2-0: Ball 3-0: Base on Balls Troy Maynard to third Juan Espinoza to second
|
Batting: RHB Andy Swaim
|
0-0: Called Strike 0-1: Ball 1-1: Foul Ball, location: 2F 1-2: DOUBLE (Line Drive, 78XD, EV 103.8 MPH) Troy Maynard scores Juan Espinoza scores Joe Smack to third Runner from 3rd tries for Home, SAFE, throw by CF to trailing runner, SAFE at third!
|
Batting: RHB Katilimomi Kelekolio
|
0-0: Called Strike 0-1: Ball 1-1: SINGLE (Groundball, 25, EV 68.8 MPH) (infield hit) Andy Swaim scores
|
Pitching: LHP Shigeo Okawa
|
|
Batting: SHB Salvador Aragon
|
0-0: Ball 1-0: Ball 2-0: Called Strike 2-1: Called Strike 2-2: Fly out, F9 (Flyball, 9, EV 86.9 MPH)
|
Bottom of the 5th over - 4 runs, 2 hits, 0 errors, 1 left on base; Sacramento 4 - Reno 12 |
TOP OF THE 6TH |
Sacramento River Cats batting - Pitching for Reno Aces : RHP Josh Pugh
|
Batting: RHB Martin Guerrero
|
0-0: Called Strike 0-1: Ball 1-1: Ball 2-1: Ball 3-1: Base on Balls
|
Batting: RHB Matt Fenimore
|
0-0: Called Strike 0-1: Ball 1-1: Ball 2-1: Ball 3-1: Called Strike 3-2: Fly out, F4 (Popup, 13, EV 77.5 MPH)
|
Batting: RHB Yutaka Oki
|
0-0: Ball 1-0: Ball 2-0: Ball 3-0: Called Strike 3-1: Base on Balls Martin Guerrero to second
|
Batting: RHB Hugo Zacarias
|
0-0: Ball 1-0: Foul Ball, location: 2F 1-1: Called Strike 1-2: Strikes out swinging
|
Batting: LHB Willie Ceniceros
|
0-0: Ball 1-0: Ball 2-0: Called Strike 2-1: Called Strike 2-2: Ball 3-2: Base on Balls Martin Guerrero to third Yutaka Oki to second
|
Batting: RHB Nick Beecher
|
0-0: Ball 1-0: Ball 2-0: Called Strike 2-1: Ball 3-1: Base on Balls Martin Guerrero scores Yutaka Oki to third Willie Ceniceros to second
|
Batting: RHB Nate Hodson
|
0-0: Ball 1-0: Ball 2-0: Foul Ball, location: 2F 2-1: Ball 3-1: Base on Balls Yutaka Oki scores Willie Ceniceros to third Nick Beecher to second
|
Batting: RHB Roberto Duron
|
0-0: Called Strike 0-1: Ball 1-1: Ball Wild Pitch! Willie Ceniceros scores Nick Beecher to third Nate Hodson to second 2-1: DOUBLE (Flyball, 89XD, EV 100.0 MPH) Nick Beecher scores Nate Hodson scores
|
Pitching: RHP Jarrod Kenny
|
|
Batting: LHB Dave Talbert
|
0-0: Ball 1-0: Ball 2-0: Called Strike 2-1: Foul Ball, location: 2F 2-2: Ball 3-2: Strikes out swinging
|
Top of the 6th over - 5 runs, 1 hit, 0 errors, 1 left on base; Sacramento 9 - Reno 12 |
BOTTOM OF THE 6TH |
Reno Aces batting - Pitching for Sacramento River Cats : LHP Shigeo Okawa
|
Batting: RHB Jon Solano
|
0-0: Ball 1-0: Ball 2-0: Ball 3-0: Ground out 4-3 (Groundball, 4M, EV 99.4 MPH)
|
Batting: SHB Warren Eisner
|
0-0: Called Strike 0-1: Fly out, F9 (Flyball, 9D, EV 110.6 MPH)
|
Batting: RHB Israel Gaona
|
0-0: DOUBLE (Line Drive, 78M, EV 106.3 MPH)
|
Batting: SHB Troy Maynard
|
0-0: SINGLE (Groundball, 4, EV 110.0 MPH) Israel Gaona to third Runner from 3rd tries for Home, SAFE, throw by RF to home Troy Maynard to second
|
Batting: RHB Juan Espinoza
|
0-0: Ball 1-0: Ball 2-0: Foul Ball, location: 2F 2-1: Called Strike 2-2: Strikes out looking
|
Bottom of the 6th over - 1 run, 2 hits, 0 errors, 1 left on base; Sacramento 9 - Reno 13 |
TOP OF THE 7TH |
Sacramento River Cats batting - Pitching for Reno Aces : RHP Jarrod Kenny
|
Batting: RHB Martin Guerrero
|
0-0: Called Strike 0-1: Swinging Strike 0-2: Ball 1-2: Ground out 6-3 (Groundball, 6, EV 110.0 MPH)
|
Batting: RHB Matt Fenimore
|
0-0: Ball 1-0: Foul Ball, location: 2F 1-1: Ball 2-1: Ball 3-1: Foul Ball, location: 2F 3-2: Foul Ball, location: 2F 3-2: Foul Ball, location: 2F 3-2: Foul Ball, location: 2F 3-2: Base on Balls
|
Batting: RHB Yutaka Oki
|
0-0: Called Strike 0-1: Ball 1-1: Ball 2-1: Foul Ball, location: 2F 2-2: Foul Ball, location: 2F 2-2: Grounds into double play, 5-4-3 (Groundball, 56, EV 85.6 MPH)
|
Top of the 7th over - 0 runs, 0 hits, 0 errors, 0 left on base; Sacramento 9 - Reno 13 |
BOTTOM OF THE 7TH |
Reno Aces batting - Pitching for Sacramento River Cats : LHP Shigeo Okawa
|
Batting: RHB Joe Smack
|
0-0: Swinging Strike 0-1: Swinging Strike 0-2: Ball 1-2: SINGLE (Line Drive, 6M, EV 95.6 MPH)
|
Batting: RHB Andy Swaim
|
0-0: Ball 1-0: Ball 2-0: Sac Bunt to 15S - play at first, batter OUT! 1-3 Joe Smack to second
|
Batting: RHB Katilimomi Kelekolio
|
0-0: Ball Joe Smack steals 3rd base 1-0: SINGLE (Groundball, 6D, EV 98.8 MPH) Joe Smack scores
|
Batting: SHB Salvador Aragon
|
0-0: Ball 1-0: Ball Katilimomi Kelekolio steals 2nd base (no throw) 2-0: Called Strike 2-1: Foul Ball, location: 2F 2-2: Ground out U3 (Groundball, 34S, EV 72.5 MPH) Katilimomi Kelekolio to third
|
Batting: RHB Jon Solano
|
0-0: Called Strike 0-1: Foul Ball, location: 2F 0-2: Foul Ball, location: 2F 0-2: Foul Ball, location: 2F 0-2: SINGLE (Groundball, 56D, EV 100.6 MPH) (infield hit) Katilimomi Kelekolio scores
|
Batting: SHB Warren Eisner
|
0-0: Ball 1-0: Foul Ball, location: 2F 1-1: Called Strike Jon Solano steals 2nd base 1-2: Fly out, F9 (Flyball, 9S, EV 89.4 MPH)
|
Bottom of the 7th over - 2 runs, 3 hits, 0 errors, 1 left on base; Sacramento 9 - Reno 15 |
TOP OF THE 8TH |
Sacramento River Cats batting - Pitching for Reno Aces : RHP Jarrod Kenny
|
Batting: RHB Hugo Zacarias
|
0-0: Ground out 6-3 (Groundball, 56, EV 85.6 MPH)
|
Batting: LHB Willie Ceniceros
|
0-0: Called Strike 0-1: Ground out 4-3 (Groundball, 4, EV 84.4 MPH)
|
Batting: RHB Nick Beecher
|
0-0: Ball 1-0: Swinging Strike 1-1: Ball 2-1: Swinging Strike 2-2: Strikes out swinging
|
Top of the 8th over - 0 runs, 0 hits, 0 errors, 0 left on base; Sacramento 9 - Reno 15 |
BOTTOM OF THE 8TH |
Reno Aces batting - Pitching for Sacramento River Cats : LHP Shigeo Okawa
|
Batting: RHB Israel Gaona
|
0-0: Foul Ball, location: 2F 0-1: Ball 1-1: Ball 2-1: Ball 3-1: Swinging Strike 3-2: Foul Ball, location: 2F 3-2: Foul Ball, location: 2F 3-2: Foul Ball, location: 2F 3-2: Base on Balls
|
Pitching: RHP Danny Gutierrez
|
|
Batting: SHB Troy Maynard
|
0-0: Ball 1-0: Foul Ball, location: 2F 1-1: Called Strike 1-2: Ball 2-2: Foul Ball, location: 2F 2-2: Strikes out swinging
|
Batting: RHB Juan Espinoza
|
0-0: Ball 1-0: Called Strike 1-1: Ball 2-1: Ball 3-1: Called Strike 3-2: Strikes out looking Israel Gaona is caught stealing 2nd base 2-4 Batter strikes out.
|
Bottom of the 8th over - 0 runs, 0 hits, 0 errors, 0 left on base; Sacramento 9 - Reno 15 |
TOP OF THE 9TH |
Sacramento River Cats batting - Pitching for Reno Aces : RHP Jarrod Kenny
|
Pitching: RHP Bill Pauley
|
|
Batting: RHB Nate Hodson
|
0-0: Called Strike 0-1: Ball 1-1: Ball 2-1: Ball 3-1: Foul Ball, location: 2F 3-2: Base on Balls
|
Batting: RHB Roberto Duron
|
0-0: Called Strike 0-1: Called Strike 0-2: 2-RUN HOME RUN (Flyball, 7D, EV 101.9 MPH), Distance : 380 ft
|
Batting: LHB Dave Talbert
|
0-0: Foul Ball, location: 2F 0-1: Ball 1-1: Called Strike 1-2: Ground out 2-3 (Groundball, 13S, EV 75.6 MPH)
|
Batting: RHB Martin Guerrero
|
0-0: Called Strike 0-1: Ball 1-1: Ball 2-1: Swinging Strike 2-2: Fly out, F8 (Flyball, 8LM, EV 76.3 MPH)
|
Batting: RHB Matt Fenimore
|
0-0: Ball 1-0: Ball 2-0: Ball 3-0: Foul Ball, location: 2F 3-1: Foul Ball, location: 2F 3-2: Foul Ball, location: 2F 3-2: Strikes out looking
|
Top of the 9th over - 2 runs, 1 hit, 0 errors, 0 left on base; Sacramento 11 - Reno 15 |
|